 Dungeon Crawl Stone Soup version 0.31-a0-221-gbddc013574 (webtiles) character file.

Game seed: 4863334862744040688

83 qw the Shooter (level 4, 0/26 HPs)
             Began as a Gargoyle Hexslinger on July 3, 2023.
             Slain by Grinder (1 damage)
             ... on level 3 of the Dungeon.
             The game lasted 00:00:40 (1726 turns).

qw the Shooter (Gargoyle Hexslinger)                Turns: 1726, Time: 00:00:41

Health: 0/26       AC:  9    Str: 11    XL:     4   Next: 44%
Magic:  5/5        EV: 10    Int: 14    God:
Gold:   196        SH:  0    Dex: 14    Spells: 4/5 levels left

rFire   + . .        Y - +2 sling (freeze)
rCold   . . .        (no shield)
rNeg    + . .        b - +0 ring mail
rPois   inf          k - +0 helmet
rElec   +            (no cloak)
rCorr   .            (no gloves)
SInv    .            (no boots)
Will    +....        (no amulet)
Stlth   +            d - ring of willpower
HPRegen 0.24/turn    i - ring of protection from fire
MPRegen 0.09/turn

%: no passive effects
@: no status effects
A: sickness immunity, AC +3, negative energy resistance 1, electricity
resistance, torment resistance 1, petrification resistance
a: no special abilities


You were on level 3 of the Dungeon.
You visited 1 branch of the dungeon, and saw 3 of its levels.

You collected 196 gold pieces.


Innate Abilities, Weirdness & Mutations

You are immune to sickness and miasma.
Your stone body is resilient. (AC +3)
You are immune to poison.
You resist negative energy. (rN+)
You are resistant to electric shocks. (rElec)
You are resistant to unholy torment.
You are immune to petrification.


   Skills:
 - Level 2.2 Fighting
 + Level 3.9 Ranged Weapons
 - Level 1.0 Armour
 - Level 1.5 Dodging
 - Level 1.0 Spellcasting
 - Level 2.6 Hexes


You had 4 spell levels left.
You knew the following spells:

 Your Spells              Type           Power      Damage    Failure   Level
a - Slow                  Hex            32%        N/A       21%         1

Your spell library contained the following spells:

 Spells                   Type           Power      Damage    Failure   Level
 Inner Flame              Hex/Fire       4%         N/A       71%         3
 Portal Projectile        Hex/Tloc       8%         N/A       71%         3
 Cause Fear               Hex            4%         N/A       90%         4

Inventory:

Hand Weapons
 Y - a +2 sling of freezing (weapon)
Armour
 b - a +0 ring mail (worn)
 c - the +2 robe of the Desolation of Salt {Harm}
   (You found it on level 3 of the Dungeon)

   Harm:      It increases damage dealt and taken.
 k - a +0 helmet (worn)
Jewellery
 d - a ring of willpower (left hand)
 i - a ring of protection from fire (right hand)
Scrolls
 a - a scroll of immolation {unknown}
Potions
 e - 2 potions of curing
 g - a potion of ambrosia {unknown}
 h - a potion of magic {unknown}
 l - a potion of cancellation {unknown}

Dungeon Overview and Level Annotations

Branches:
Dungeon (3/15)

Altars:
Uskayaw

Annotations:
D:3 Grinder


Message History

Grinder gestures at you.
You shrug off the repeated paralysis!
You can move again.
You shoot a sling bullet.
The sling bullet hits Grinder but does no damage.
Grinder is moderately wounded.
You shoot a sling bullet. The sling bullet hits Grinder.
Grinder is moderately wounded.
Grinder hits you but does no damage. Grinder closely misses you.
You shoot a sling bullet. The sling bullet hits Grinder!
Grinder is heavily wounded.
Grinder misses you.
You shoot a sling bullet.
The sling bullet hits Grinder but does no damage.
Grinder is heavily wounded.
Grinder hits you.
You writhe in agony.
You shoot a sling bullet. The sling bullet hits Grinder.
Grinder is severely wounded.
Grinder hits you but does no damage. Grinder hits you.
You shoot a sling bullet. The sling bullet hits Grinder.
Grinder is severely wounded.
Grinder gestures at you. You resist with some effort.
You shoot a sling bullet. The sling bullet hits Grinder.
Grinder is almost dead.
Grinder says, "My boss said I was rubbish.
His entrails said otherwise."
Grinder barely misses you.
You shoot a sling bullet. The sling bullet hits Grinder.
Grinder is almost dead.
Grinder hits you but does no damage. x2
You shoot a sling bullet. The sling bullet hits Grinder.
Grinder is almost dead.
Grinder says, "Mostly I couldn't keep them alive."
Grinder closely misses you.
You shoot a sling bullet.
The sling bullet closely misses Grinder.
Grinder hits you!
You writhe in agony.
You shoot a sling bullet. The sling bullet barely misses Grinder.
Grinder closely misses you. Grinder hits you.
You die...

#.##...............#
#.##...##....####
.......#####.##
..%....# #.<###
.....(.# ##...#
.......# ###.#
....... #.# #.###
#@5.# ###......
...... ..... .....
##.% ..


You could see Grinder.

Vanquished Creatures
  4 adders
  9 ball pythons
  2 endoplasms (D:2)
  A giant cockroach (D:1)
  7 goblins
  4 hobgoblins
  3 quokkas
  2 bats
  3 frilled lizards
  6 kobolds
  9 rats
50 creatures vanquished.

Notes
Turn   | Place    | Note
-------+----------+-------------------------------------------
     0 | D:1      | qw the Gargoyle Hexslinger began the quest for the Orb.
     0 | D:1      | Reached XP level 1. HP: 12/12 MP: 2/2
     0 | D:1      | 0 ||| qw: Version: 0.3-a-40-ge99b1a8
     0 | D:1      | 0 ||| qw: Game counter: 612
     0 | D:1      | 0 ||| qw: Melee chars always use a shield: true
     0 | D:1      | 0 ||| qw: God list: Okawaru
     0 | D:1      | 0 ||| qw: Allow faded altars: false
     0 | D:1      | 0 ||| qw: Do Orc after clearing Dungeon:15 true
     0 | D:1      | 0 ||| qw: Do second Lair branch before Depths: true
     0 | D:1      | 0 ||| qw: Lair rune preference: random
     0 | D:1      | 0 ||| qw: Goals: Normal
     0 | D:1      | 0 ||| PLANNING D:1-11
   252 | D:1      | Reached XP level 2. HP: 16/16 MP: 3/3
   639 | D:1      | 639 ||| UPGRADING to ring of willpower.
   640 | D:1      | 640 ||| DRINKING 2 fuming orange potions.
   641 | D:1      | 641 ||| DROPPING scroll of poison.
   679 | D:2      | Reached skill level 3 in Ranged Weapons
   811 | D:2      | Reached XP level 3. HP: 21/21 MP: 4/4
  1330 | D:2      | Reached XP level 4. HP: 23/26 MP: 5/5
  1393 | D:2      | 1393 ||| UPGRADING to +0 ring mail.
  1403 | D:2      | 1403 ||| DROPPING +0 robe.
  1404 | D:2      | 1404 ||| UPGRADING to +0 helmet.
  1409 | D:2      | 1409 ||| UPGRADING to ring of protection from fire.
  1410 | D:2      | 1410 ||| DROPPING ring of wizardry.
  1411 | D:2      | 1411 ||| READING scroll labelled TAKHLY ROEME WIF.
  1412 | D:2      | 1412 ||| READING scroll labelled VEWABO ORHURPH.
  1413 | D:2      | 1413 ||| READING scroll labelled DIBLINW TYKH.
  1465 | D:3      | Reached skill level 1 in Armour
  1541 | D:3      | Identified the +2 robe of the Desolation of Salt {Harm}
  1560 | D:3      | Noticed a +0 hand axe
  1560 | D:3      | Noticed a +0 dagger
  1561 | D:3      | Found a hide-covered altar of Uskayaw.
  1697 | D:3      | Noticed Grinder
  1713 | D:3      | Paralysed by Grinder for 3 turns
  1725 | D:3      | HP: 3/26 [Grinder (8)]
  1725 | D:3      | HP: 1/26 [Grinder (2)]
  1726 | D:3      | Slain by Grinder

Levels and vault maps discovered:
D:1:      minmay_arrival_hallway, layout_basic
D:2:      kennysheep_six_static_rooms, layout_basic, minmay_indecisive_spiral
D:3:      layout_basic, dancing_weapons_uskayaw, uniq_grinder

Skill      XL: |  1  2  3  4 |
---------------+-------------+-----
Ranged Weapons | 3 |  3.9
Fighting       | 2 |  2.2
Armour         | 1 |  1.0
Dodging        | |  1.5
Spellcasting   | |  1.0
Hexes          | |  2.6

Action                     |  1- 3 |  4- 6 || total
---------------------------+-------+-------++-------
   Fire: Sling             |    94 |    60 ||   154
    Use: Potion            |     1 |       ||     1
         Scroll            |       |     3 ||     3
 Armour: Robe              |    10 |       ||    10
         Ring mail         |       |    16 ||    16
  Dodge: Dodged            |    28 |    10 ||    38

Table legend:
 A = Non-vault XP
 B = Vault XP
 C = Vault XP percentage of total XP
 D = Non-vault monster count
 E = Vault monster count
 F = Vault count percentage of total count
                 A         B        C        D         E       F
            +---------+---------+-------+---------+---------+-------
      Total |      83 |      36 |  30.3 |      40 |      10 |  20.0
            +---------+---------+-------+---------+---------+-------
        D:1 |      18 |       0 |   0.0 |      14 |       0 |   0.0
        D:2 |      31 |      36 |  53.7 |      12 |      10 |  45.5
        D:3 |      34 |       0 |   0.0 |      14 |       0 |   0.0
            +---------+---------+-------+---------+---------+-------
